 Dungeon Crawl Stone Soup version 0.20-a0-681-gf83e07f (webtiles) character file.

404 polly the Shield-Bearer (level 6, 0/39 HPs)
             Began as a Gargoyle Fighter on Feb 18, 2017.
             Splashed by a jelly's acid (13 damage)
             ... on level 4 of the Dungeon.
             The game lasted 00:03:40 (3412 turns).

polly the Shield-Bearer (Gargoyle Fighter)          Turns: 3412, Time: 00:03:40

Health: 0/39       AC:  7    Str: 21    XL:     6   Next: 86%
Magic:  6/6        EV:  6    Int:  9    God:
Gold:   188        SH: 10    Dex:  9    Spells: 5/5 levels left

rFire    . . .     SeeInvis .   a - +0 flail
rCold    . . .     Gourm    .   t - +0 chain mail
rNeg     + . .     Faith    .   c - +0 shield
rPois    ∞         Spirit   .   (no helmet)
rElec    +         Reflect  .   w - +0 cloak
rCorr    .         Harm     +   (no gloves)
MR       .....                  (no boots)
Stlth    ..........             j - amulet of harm
Regen    0.2/turn               (no ring)
MPRegen  0.1/turn               (no ring)

@: corroded
A: negative energy resistance 1, electricity resistance, unbreathing,
petrification resistance, rot immunity, AC +4
a: no special abilities


You were on level 4 of the Dungeon.
You were not hungry.

You visited 1 branch of the dungeon, and saw 4 of its levels.

You collected 188 gold pieces.

Inventory:

Hand Weapons
 a - a +0 flail (weapon)
Armour
 c - a +0 shield (worn)
 t - a +0 chain mail (worn)
 w - a +0 cloak (worn)
Jewellery
 j - an amulet of harm (around neck)
Wands
 n - a wand of flame (11/48)
Scrolls
 e - 3 scrolls of identify {unknown}
 l - 2 scrolls of teleportation {unknown}
 p - a scroll of fear {unknown}
 q - a scroll of remove curse {unknown}
 u - a scroll of magic mapping {unknown}
Potions
 d - 3 potions of might
 g - a potion of lignification {unknown}
 i - a potion of flight {unknown}
 k - 2 potions of agility {unknown}
 m - 4 potions of haste {unknown}
 o - a potion of curing {unknown}
 s - a potion of heal wounds {unknown}
Comestibles
 f - 3 bread rations
 h - 4 royal jellies
 r - a meat ration
 v - 3 chunks of flesh


   Skills:
 + Level 4.3 Fighting
 + Level 4.1 Maces & Flails
 + Level 4.4 Armour
 + Level 1.4 Dodging
 + Level 5.2 Shields


You had 5 spell levels left.
You didn't know any spells.

Dungeon Overview and Level Annotations

Branches:
Dungeon (4/15)
 Temple: D:4-7

Altars:
Gozag
Nemelex Xobeh


Innate Abilities, Weirdness & Mutations

You are resistant to torment.
Your stone body is resilient. (AC +4)
You are immune to poison.
You resist negative energy. (rN+)
You are resistant to electric shocks. (rElec)
You can survive without breathing.
You are immune to petrification.
You are immune to rotting.


Message History

The jelly is severely wounded.
You block the hound's attack. The hound bites you but does no damage.
You block the adder's attack. The jelly hits you but does no damage.
The hound bites you but does no damage.
The giant cockroach bites you but does no damage.
The hound bites you but does no damage. The adder bites you but does no damage.
You completely miss the jelly.
The jelly is severely wounded.
The hound bites you but does no damage. The hound closely misses you.
You block the giant cockroach's attack. The jelly hits you.
The acid corrodes you!
You are splashed with acid!
The acid burns!
The adder bites you. The hound barely misses you. x2
The giant cockroach bites you but does no damage.
The jelly hits you but does no damage. You block the hound's attack.
The hound bites you but does no damage. You block the adder's attack.
The giant cockroach bites you but does no damage.
The hound bites you. The jelly hits you.
You are splashed with acid!
The acid burns!
You die...

#######
##.....##
#.#..Jh...##
#.(.s@....#
#.⌠.Sh..⌠.#
#.........#
......⌠.⌠...#
.#..........#
....⌠..$..⌠.#
##.....>....#
..#.......##


You could see 2 hounds, a jelly, an adder and a giant cockroach.

Vanquished Creatures
  An orc warrior (D:4)
  A hound (D:4)
  2 orc wizards
  Crazy Yiuf (D:3)
  7 adders
  4 oozes
  4 worms
  5 dart slugs
  3 leopard geckos (D:1)
  5 orcs
  3 giant cockroaches (D:1)
  6 goblins
  14 hobgoblins
  8 jackals
  3 quokkas
  2 ball pythons
  7 bats
  6 frilled lizards
  6 kobolds
  10 rats
  2 fungi (D:3)
100 creatures vanquished.

Notes
Turn   | Place    | Note
-------+----------+-------------------------------------------
     0 | D:1      | polly the Gargoyle Fighter began the quest for the Orb.
     0 | D:1      | Reached XP level 1. HP: 14/14 MP: 1/1
    54 | D:1      | Reached XP level 2. HP: 18/19 MP: 2/2
   329 | D:1      | Reached XP level 3. HP: 23/23 MP: 3/3
   619 | D:1      | Reached skill level 4 in Shields
   890 | D:2      | Reached XP level 4. HP: 13/29 MP: 4/4
  1566 | D:2      | Found a faded altar of an unknown god.
  1919 | D:3      | Reached XP level 5. HP: 23/33 MP: 5/5
  2328 | D:3      | Reached skill level 1 in Dodging
  2544 | D:3      | You fall through a shaft!
  2606 | D:4      | Reached XP level 6. HP: 17/38 MP: 6/6
  2757 | D:4      | Noticed an orc warrior
  2786 | D:4      | Killed an orc warrior
  2786 | D:4      | Reached skill level 5 in Shields
  3193 | D:3      | Found a sparkling altar of Nemelex Xobeh.
  3193 | D:3      | Found an opulent altar of Gozag.
  3324 | D:3      | Found a runed door.
  3328 | D:3      | Noticed Crazy Yiuf
  3332 | D:3      | Killed Crazy Yiuf
  3412 | D:4      | Splashed by a jelly's acid

Vault maps used:
D:1:      dpeg_arrival_more_subterranean_lakeside_camping
D:2:      chequers_ecumenical_altar_simple
D:3:      grunt_temple_overflow_opulence, first_bread, uniq_crazy_yiuf_cottage
D:4:      serial_shops, shop, grunt_ministairs_10, uniq_eustachio

Skill      XL: |  1  2  3  4  5  6 |
---------------+-------------------+-----
Shields        | 4 5 |  5.2
Maces & Flails | 3 4 |  4.1
Dodging        | 1 |  1.4
Fighting       | 4 |  4.3
Armour         | 4 |  4.4

Action                   |  1- 3 |  4- 6 || total
-------------------------+-------+-------++-------
Melee: Flail             |   114 |   343 ||   457
  Eat: Chunk             |       |     9 ||     9
Armor: Scale mail        |    99 |   169 ||   268
       Chain mail        |       |    17 ||    17
Dodge: Dodged            |    41 |   104 ||   145
Block: Shield            |    69 |   196 ||   265
